 Dungeon Crawl Stone Soup version 0.17.0-26-gececa24 (console) character file.

7965 gw the Quickloader (level 11, -5/97 HPs)
             Began as a Deep Dwarf Hunter on Nov 20, 2015.
             Was an Elder of Makhleb.
             Slain by an Executioner (6 damage)
             ... summoned by the player character
             ... on level 11 of the Dungeon.
             The game lasted 00:08:19 (9391 turns).

gw the Quickloader (Deep Dwarf Hunter)              Turns: 9391, Time: 00:08:19

Health: -5/97      AC:  8    Str: 21    XL:     11   Next: 3%
Magic:  8/8        EV: 14    Int: 13    God:    Makhleb [****..]
Gold:   575        SH:  0    Dex: 16    Spells: 0 memorised, 10 levels left

rFire  + . .     SeeInvis .     a - +2 hand crossbow
rCold  . . .     Clarity  .     k - +2 ring mail {rF+}
rNeg   . . .     SustAt   .     (no shield)
rPois  .         Gourm    .     (no helmet)
rElec  .         Spirit   .     (no cloak)
rCorr  .         Warding  .     (no gloves)
rMut   +         Stasis   .     (no boots)
MR     +....                    l - amulet of resist mutation
Stlth  +.........               o - +4 ring of strength
                                i - +2 ring of evasion

@: liquid flames, about to teleport, non-regenerating, glowing, somewhat
resistant to hostile enchantments, very unstealthy
A: damage resistance, recharge devices, clever 1, high mp 1, sense surroundings
2, slow regeneration 3
a: Device Recharging, Minor Destruction, Lesser Servant of Makhleb, Major
Destruction, Renounce Religion


You were on level 11 of the Dungeon.
You worshipped Makhleb.
Makhleb was greatly pleased with you.
You were not hungry.

You visited 1 branch of the dungeon, and saw 11 of its levels.

You collected 575 gold pieces.

Inventory:

Hand Weapons
 a - a +2 hand crossbow (weapon)
 b - a +0 war axe
Missiles
 d - 58 bolts (quivered)
Armour
 k - a +2 ring mail of fire resistance (worn)
Jewellery
 i - a +2 ring of evasion (left hand)
 l - an amulet of resist mutation (around neck)
 o - a +4 ring of strength (right hand)
Wands
 e - a wand of heal wounds (5)
 n - a wand of lightning (0)
 s - a wand of teleportation (3)
Scrolls
 g - 5 scrolls of identify
 j - 9 scrolls of remove curse
 r - a scroll of blinking
 v - a scroll of recharging {unknown}
Potions
 c - 4 potions of brilliance
 q - 4 potions of agility
 t - 3 potions of curing
Comestibles
 f - 6 bread rations
 h - 8 fruits
 m - 3 meat rations
 p - a beef jerky
 w - 2 slices of pizza


   Skills:
 + Level 6.2 Fighting
 + Level 7.8 Axes
 * Level 11.6 Crossbows
 + Level 7.7 Armour
 - Level 2.1 Dodging
 - Level 1.2 Stealth
 + Level 8.5 Invocations
 - Level 2.0 Evocations


You had 10 spell levels left.
You didn't know any spells.

Dungeon Overview and Level Annotations

Branches:
Dungeon (11/15)            Temple (0/1) D:6
   Lair: D:8-11         Orc: D:9-12

Altars:
Cheibriados
Dithmenos
Elyvilon
Fedhas
Kikubaaqudgha
Makhleb
Okawaru
Qazlal
Trog
Vehumet
Zin
The Shining One

Annotations:
D:11 Snorg


Innate Abilities, Weirdness & Mutations

You are resistant to damage.
You can recharge devices by infusing magical energy.
You passively map the area around you.
You do not regenerate naturally.
Your mind is acute. (Int +2)
You have an increased reservoir of magic (+10% MP).


Message History

Snorg claws you but does no damage. The Executioner gestures at you.
You easily resist.
Your ufetubus is engulfed in a cloud of scalding steam.
Snorg is engulfed in a cloud of scalding steam.
Snorg bites you. Snorg claws you! Snorg claws you!
The smoke demon misses your neqoxec.
The smoke demon closely misses your neqoxec.
The smoke demon hits your neqoxec but does no damage.
Your neqoxec hits the smoke demon!
The smoke demon dies!
Charge which item? (? for menu, Esc to quit)
Choose an item to recharge, or Esc to abort.
Charge which item? (? for menu, Esc to quit)
Your wand of heal wounds (0) glows for a moment and now has 5 charges.
You are covered in liquid flames!
The Executioner hits you!
The Executioner hits you but does no damage.
The Executioner hits you. The Executioner hits you!
You die...

.#...#..#....#..........#...#
.#...'..#....#.##'####..# *
.#...####....###.....#..#,*,
.#.................#.#..#
##.......####........#..# ,
*#.......#..#.#.######..#, *
,#.......##.#...#¤5¤#####
,#...######.#####(3¤# , , *
#...'...##...)1gT5.#,, ,,*
+...#..###.##.##+###
,#...#..###.##.#,, , , *
#...#.........#,* , ,,
#...#########.# ,, ,, ..... ,
*#.#, , *+ , ...#.. ,, ,..# ,
, , *, , ...#.. , ..# , ,
#...... , , * ,,


You could see Snorg (berserk), an Executioner, a friendly neqoxec, a friendly
shadow imp and a friendly ufetubus.

Table legend:
 A = Turns spent in this place as a percentage of turns spent in the entire game.
 B = Non-inter-level travel turns spent in this place as a percentage of non-inter-level travel turns spent in the entire game.
 C = Inter-level travel turns spent in this place as a percentage of turns spent in this place.
 D = Turns resting spent in this place as a percentage of non-inter-level travel turns spent in this place.
 E = Turns spent auto-exploring this place as a percentage of non-inter-level travel turns spent in this place.
 F = Non-inter-level travel turns spent in this place divided by the number of levels of this place that you've seen.
                   A       B       C       D       E      F
               +-------+-------+-------+-------+-------+----------------------
         Total | 100.0 | 100.0 |   0.3 |   0.0 |   2.1 | 1633.3
       Dungeon | 100.0 | 100.0 |   0.3 |   0.0 |   2.1 | 1633.3
               +-------+-------+-------+-------+-------+----------------------

Table legend:
 A = Kills in this place as a percentage of kills in entire the game.
 B = Kills by you in this place as a percentage of kills by you in the entire game.
 C = Kills by friends in this place as a percentage of kills by friends in the entire game.
 D = Other kills in this place as a percentage of other kills in the entire game.
 E = Experience gained in this place as a percentage of experience gained in the entire game.
 F = Experience gained in this place divided by the number of levels of this place that you have seen.
                   A       B       C       D       E      F
               +-------+-------+-------+-------+-------+----------------------
         Total | 100.0 | 100.0 | 100.0 |  -nan | 100.0 | 1034.5
       Dungeon | 100.0 | 100.0 | 100.0 |  -nan | 100.0 | 1034.5
               +-------+-------+-------+-------+-------+----------------------

Vanquished Creatures
  Fannar (D:11)
  A hill giant (D:10)
  Pikel (D:7)
  A two-headed ogre (D:8)
  Prince Ribbit (D:8)
  A deep elf mage (D:11)
  2 hippogriffs (D:9)
  A hungry ghost (D:10)
  Menkaure (D:7)
  Duvessa (D:7)
  2 sky beasts
  2 ice beasts
  A black bear (D:10)
  2 orc warriors
  A phantom (D:4)
  5 ogres
  A necrophage (D:9)
  A slave (D:7)
  2 big kobolds (D:11)
  4 centaurs
  5 giant frogs
  Dowan (D:7)
  A wyvern skeleton (D:7)
  3 scorpions
  8 orc priests
  4 jellies
  A centaur skeleton (D:10)
  3 crimson imps
  7 hounds
  2 giant frog skeletons
  4 orc wizards
  2 iguanas
  5 worker ants
  2 hound skeletons
  A worker ant zombie (D:6)
  13 adders
  17 gnolls
  A shadow imp (D:6)
  2 oozes
  3 worms
  35 orcs
  3 goblins
  6 hobgoblins
  9 jackals
  19 kobolds
  4 quokkas
  2 ball pythons (D:3)
  13 bats
  3 giant cockroaches
  6 giant geckos
  2 giant newts (D:1)
  4 rats
223 creatures vanquished.

Vanquished Creatures (collateral kills)
  The ghost of jw the Covert, a novice OpBe of Trog (D:7)
  A hill giant (D:9)
  A cyclops (D:11)
  2 guardian serpents (D:10)
  A deep elf mage (D:9)
  A giant frog (D:7)
  An orc wizard (D:7)
  2 worker ants
  An orc (D:7)
11 creatures vanquished.

Grand Total: 234 creatures vanquished

Notes
Turn   | Place    | Note
--------------------------------------------------------------
     0 | D:1      | gw the Deep Dwarf Hunter began the quest for the Orb.
     0 | D:1      | Reached XP level 1. HP: 19/19 MP: 1/1
    28 | D:1      | Reached skill level 1 in Evocations
    90 | D:1      | Reached XP level 2. HP: 21/26 MP: 2/2
   555 | D:1      | Reached skill level 1 in Armour
   670 | D:1      | Found an iron altar of Okawaru.
   670 | D:1      | Found a snail-covered altar of Cheibriados.
   683 | D:1      | Reached XP level 3. HP: 19/32 MP: 4/4
  1295 | D:2      | Reached skill level 5 in Crossbows
  1386 | D:3      | Reached XP level 4. HP: 29/39 MP: 5/5
  1388 | D:3      | Reached skill level 1 in Axes
  1432 | D:3      | Found a white marble altar of Elyvilon.
  1489 | D:3      | Found a burning altar of Makhleb.
  1512 | D:3      | Became a worshipper of Makhleb the Destroyer
  2098 | D:3      | Reached skill level 1 in Invocations
  2352 | D:4      | Reached * piety under Makhleb
  2360 | D:4      | Reached XP level 5. HP: 35/45 MP: 6/6
  2543 | D:4      | Reached skill level 6 in Crossbows
  2585 | D:4      | Reached XP level 6. HP: 40/55 MP: 6/6
  2696 | D:4      | Noticed an ogre
  2743 | D:4      | Found a stormy altar of Qazlal.
  2789 | D:4      | Noticed a phantom
  2798 | D:4      | Killed a phantom
  2846 | D:4      | Killed an ogre
  2846 | D:4      | Reached ** piety under Makhleb
  2867 | D:4      | Reached XP level 7. HP: 47/62 MP: 8/8
  2900 | D:4      | Reached skill level 7 in Crossbows
  3272 | D:5      | Entered Level 5 of the Dungeon
  4083 | D:5      | Found a glowing silver altar of Zin.
  4361 | D:6      | Reached XP level 8. HP: 50/69 MP: 6/6
  4405 | D:6      | Found a shadowy altar of Dithmenos.
  4494 | D:6      | Found a staircase to the Ecumenical Temple.
  4543 | D:6      | Reached skill level 8 in Crossbows
  4782 | D:6      | Reached *** piety under Makhleb
  5152 | D:7      | Noticed Duvessa
  5154 | D:7      | Noticed Dowan
  5161 | D:7      | Killed Duvessa
  5180 | D:7      | Killed Dowan
  5253 | D:7      | Noticed Menkaure
  5262 | D:7      | Killed Menkaure
  5262 | D:7      | Reached skill level 5 in Invocations
  5273 | D:7      | Noticed Pikel
  5289 | D:7      | Killed Pikel
  5289 | D:7      | Reached skill level 9 in Crossbows
  5289 | D:7      | Reached skill level 5 in Armour
  5289 | D:7      | Gained mutation: You passively map the area around you. [Deep Dwarf growth]
  5289 | D:7      | Reached XP level 9. HP: 53/79 MP: 6/8
  5511 | D:7      | Reached skill level 5 in Axes
  6021 | D:7      | Noticed jw's ghost (novice OpBe)
  6030 | D:7      | Killed jw's ghost
  6543 | D:8      | Reached skill level 5 in Fighting
  6586 | D:8      | Found a blossoming altar of Fedhas.
  6618 | D:8      | Reached skill level 10 in Crossbows
  6681 | D:8      | Found a radiant altar of Vehumet.
  6718 | D:8      | Reached **** piety under Makhleb
  6840 | D:8      | Noticed Prince Ribbit
  6844 | D:8      | Killed Prince Ribbit
  7000 | D:8      | Found a bloodstained altar of Trog.
  7170 | D:8      | Gained mutation: You have an increased reservoir of magic (+10% MP). [potion of mutation]
  7254 | D:9      | Reached XP level 10. HP: 80/88 MP: 10/10
  7262 | D:9      | Found an ancient bone altar of Kikubaaqudgha.
  7350 | D:9      | Found a glowing golden altar of the Shining One.
  7527 | D:9      | Found an iron altar of Okawaru.
  7539 | D:9      | Noticed a hill giant
  7549 | D:9      | Killed a hill giant
  7756 | D:9      | Gained mutation: Your mind is acute. (Int +2) [potion of beneficial mutation]
  7837 | D:10     | Entered Level 10 of the Dungeon
  7936 | D:10     | Reached skill level 11 in Crossbows
  8225 | D:10     | Noticed a hill giant
  8236 | D:10     | Killed a hill giant
  8259 | D:10     | Noticed a guardian serpent
  8276 | D:10     | Killed a guardian serpent
  8573 | D:10     | Reached ***** piety under Makhleb
  8839 | D:10     | Noticed a guardian serpent
  8849 | D:10     | Killed a guardian serpent
  9069 | D:11     | Noticed a cyclops
  9079 | D:11     | Killed a cyclops
  9113 | D:11     | Noticed Fannar
  9140 | D:11     | Killed Fannar
  9140 | D:11     | Reached XP level 11. HP: 83/97 MP: 7/9
  9382 | D:11     | Noticed Snorg
  9385 | D:11     | Noticed an Executioner
  9391 | D:11     | HP: 3/97 [Executioner[the player character] (8)]
  9391 | D:11     | HP: 1/97 [Executioner[the player character] (2)]
  9391 | D:11     | Slain by an Executioner

Action                   |  1- 3 |  4- 6 |  7- 9 | 10-12 || total
-------------------------+-------+-------+-------+-------++-------
Melee: Short sword       |    44 |       |       |       ||    44
       Hand axe          |    59 |   119 |       |       ||   178
       War axe           |       |    58 |   303 |   225 ||   586
 Fire: Hand crossbow     |    37 |    50 |    86 |    31 ||   204
Invok: Lesser Servant of |       |       |     3 |     6 ||     9
       Greater Servant o |       |       |       |     1 ||     1
 Abil: Device Recharging |       |     1 |     5 |     5 ||    11
Evoke: Wand              |     1 |    10 |    16 |    21 ||    48
  Use: Scroll            |     5 |     3 |     4 |     3 ||    15
       Potion            |     1 |     4 |    10 |     2 ||    17
 Stab: Distracted        |       |       |     1 |     2 ||     3
  Eat: Chunk             |     1 |     5 |    15 |    11 ||    32

Vault maps used:
D:1:      erik_arrival_cave_to_civilisation
D:2:      first_bread
D:3:      grunt_temple_overflow_open, kennysheep_generic_room_9
D:4:      kennysheep_mini, grunt_ministairs_3
D:5:      lemuel_coloured_pillars_altar
D:6:      lemuel_doored_altar, minmay_temple_entry_overgrown, dk_noncrumbling_3
D:7:      uniq_pikel, uniq_menkaure, uniq_duvessa
D:8:      vehumet_altar_wand_db, minitemple, uniq_prince_ribbit1
D:9:      nicolae_tso_carved_into_rock, okawaru_trees_1,
          kiku_gazebo_garden_becter
D:10:     nrook_guardian_serpent_snake_passage
D:11:     lair_0_dummy, uniq_fannar, uniq_snorg
